cohdb
Replays
Latest Replays
All Replays
Popular Replays
Top Player Replays
Match Explorer
How It Works
Community
CoH3 Stats
Reddit
Sign in to upload your games and track your stats! →
Sign in with Steam
Match 46126362
Unlisted
Match 46126362
Overview
Messages
Build Orders
End
Construct Barracks
Selects Armored Battlegroup
Selects Veteran Crews
1⁄4-ton 4x4 Truck
1⁄4-ton 4x4 Truck
Riflemen Squad
Riflemen Squad
Riflemen Squad
Mechanized Support Center
Designate Forward Repair Station
Construct Motor Pool
Selects Fast Deploy
M8 Greyhound Armored Car
Improvised Armor
Riflemen Squad
M1 Anti-tank Gun Team
M1918 Browning Automatic Rifles
Selects M31 Recovery Vehicle
Selects War Machine
M1 Anti-tank Gun Team
Riflemen Squad
Grenade Package
Riflemen Squad
Riflemen Squad
Engineer Squad
Construct Tank Depot
Selects Seek and Destroy
Selects UNKNOWN (2160077)
M4A3E8 Sherman Easy Eight
Engineer Squad
M4A3E8 Sherman Easy Eight
M31 Recovery Vehicle
AUS Potato
【POW】够得到的钟摆
DebaKLeTV
Agnes Claudel
0
0
Comments
sign in to comment!
No comments posted yet!